 Dungeon Crawl Stone Soup version 0.26.0-57-g60708a5e39 (webtiles) character file.

Game seed: 10295523648597759302

57 Gadfly the Cudgeller (level 4, -1/44 HPs)
             Began as an Ogre Gladiator on Feb 2, 2021.
             Killed by divine providence
             ... invoked by an orc priest
              (11 damage)
             ... on level 3 of the Dungeon.
             The game lasted 00:02:40 (1468 turns).

Gadfly the Cudgeller (Ogre Gladiator)               Turns: 1468, Time: 00:02:41

Health: -1/44      AC:  3    Str: 19    XL:     4   Next: 0%
Magic:  5/5        EV: 11    Int:  9    God:
Gold:   112        SH:  0    Dex: 16    Spells: 3/3 levels left

rFire    . . .     SeeInvis .   b - +2 quarterstaff (drain)
rCold    . . .     Faith    .   (shield currently unavailable)
rNeg     . . .     Spirit   .   i - +0 robe
rPois    .         Reflect  .   c - +0 hat
rElec    .         Harm     .   (no cloak)
rCorr    .         Rampage  .   (gloves unavailable)
Will     .....                  (boots unavailable)
Stlth    +.........             (no amulet)
HPRegen  0.14/turn              h - +6 ring of dexterity
MPRegen  0.09/turn              (no ring)

@: no status effects
A: large, unfitting armour, tough skin 1
a: no special abilities


You were on level 3 of the Dungeon.
You visited 1 branch of the dungeon, and saw 3 of its levels.

You collected 112 gold pieces.

Inventory:

Hand Weapons
 a - a +0 flail
 b - a +2 quarterstaff of draining (weapon)
Missiles
 d - 3 throwing nets
 e - 59 stones (quivered)
Armour
 c - a +0 hat (worn)
 i - a +0 robe (worn)
Jewellery
 h - a +6 ring of dexterity (left hand)
Potions
 g - a potion of haste {unknown}
 j - a potion of heal wounds {unknown}
 k - a potion of attraction
 l - a potion of degeneration {unknown}


   Skills:
 - Level 2.6 Fighting
 + Level 2.8 Maces & Flails
 + Level 2.2 Throwing
 * Level 1.1 Armour
 - Level 2.6 Dodging
 * Level 1.7 Invocations
 * Level 1.3 Evocations


You had 3 spell levels left.
You didn't know any spells.
Your spell library was empty.

Dungeon Overview and Level Annotations

Branches:
Dungeon (3/15)

Altars:
Ru
The Shining One


Innate Abilities, Weirdness & Mutations

You are too large for most types of armour.
You have tough skin. (AC +1)


Message History

You have reached level 4!
You hit the orc priest.
The orc priest is lightly wounded.
The orc wizard mumbles some strange words.
The orc wizard blinks!
The orc hits you with a +0 club.
The orc priest hits you with a +0 short sword.
You hit the orc priest.
The orc priest is moderately wounded.
The orc priest closely misses you. The orc closely misses you.
Unknown command.
The orc priest mumbles some strange prayers to Beogh against you.
Beogh smites you!
* * * LOW HITPOINT WARNING * * *
You hit the orc but do no damage. You drain the orc.
The orc is heavily wounded.
The orc hits you but does no damage.
It was a potion of curing.
You feel better.
The orc priest calls down the wrath of Beogh upon you.
Beogh smites you!
You die...

#. ### #.# ... #.# #..
#?###.## #. #.. ... . ..#
#.# #.# ... #.#
#.###.###....# #.#
#....@oo.....# #.#
#.###.#o.....# #.#
#...#.#......# ##.###
##.#.#.#.o....#
.....######..#.#.#......#
##..#...#.#..# #.#......#
<...#.#.#.#..#.#.#......#
[...#.#.#.#..#.#.#......#
....#.#.#.#..#.#


You could see an orc priest, an orc wizard and an orc (drained).

Vanquished Creatures
  An adder (D:2)
  An ooze (D:1)
  A worm (D:2)
  A leopard gecko (D:3)
  2 orcs (D:3)
  6 bats
  6 giant cockroaches (D:1)
  4 goblins (D:1)
  2 hobgoblins
  A quokka (D:2)
  A ball python (D:1)
  3 frilled lizards (D:2)
  5 kobolds
  3 rats
37 creatures vanquished.

Vanquished Creatures (others)
  4 fungi (D:2)
  5 plants (D:2)
9 creatures vanquished.

Grand Total: 46 creatures vanquished

Notes
Turn   | Place    | Note
-------+----------+-------------------------------------------
     0 | D:1      | Gadfly the Ogre Gladiator began the quest for the Orb.
     0 | D:1      | Reached XP level 1. HP: 22/22 MP: 1/1
   113 | D:1      | Reached XP level 2. HP: 29/29 MP: 2/2
   158 | D:1      | Reached skill level 1 in Invocations
   578 | D:1      | Reached XP level 3. HP: 36/36 MP: 3/3
   872 | D:2      | Found a glowing golden altar of the Shining One.
   943 | D:2      | Became a worshipper of the Shining One
   966 | D:2      | Reached skill level 1 in Evocations
   993 | D:2      | Fell from the grace of the Shining One
  1020 | D:2      | Reached skill level 1 in Armour
  1077 | D:2      | Found a sacrificial altar of Ru.
  1464 | D:3      | Reached XP level 4. HP: 26/44 MP: 5/5
  1466 | D:3      | HP: 2/44 [orc priest/divine providence (12)]
  1468 | D:3      | Killed from afar by an orc priest

Illustrated notes

Levels and vault maps discovered:
D:1:      dpeg_arrival_houses_and_road, layout_rooms, interstate_on_off,
          chequers_serial_rivers_large_b
D:2:      layout_loops_ring, lemuel_crystal_altar,
          nicolae_ru_the_path_less_chosen
D:3:      layout_basic, nzn_hepliaklqana_mist_gate, tso_altar,
          uniq_crazy_yiuf_cottage

Skill      XL: |  1  2  3 |
---------------+----------+-----
Invocations    | 1 |  1.7
Evocations     | 1 |  1.3
Armour         | 1 |  1.1
Fighting       | |  2.6
Maces & Flails | |  2.8
Throwing       | |  2.2
Dodging        | |  2.6

Action                   |  1- 3 |  4- 6 || total
-------------------------+-------+-------++-------
Melee: Flail             |    64 |       ||    64
       Quarterstaff      |    16 |     3 ||    19
Invok: Renounce Religion |     1 |       ||     1
  Use: Scroll            |     2 |       ||     2
       Potion            |     2 |     1 ||     3
 Stab: Sleeping          |     4 |       ||     4
Armor: Robe              |    18 |       ||    18
Dodge: Dodged            |    53 |     2 ||    55
